[Event "Early-Titled-Tuesday-Blitz-February-27-2024"]
[Site "Chess.com"]
[Date "2024.02.27"]
[Round "10"]
[White "Zq1"]
[Black "VitaliyChayka"]
[Result "1/2-1/2"]
[WhiteElo "2617"]
[BlackElo "2510"]
[TimeControl "180+1"]
[EndTime "9:55:51 PST"]
[Termination "Game drawn by repetition"]

1. d4 d6 2. Nf3 Nd7 3. c4 e5 4. Nc3 Ngf6 5. e4 Be7 6. Be2 O-O 7. O-O c6 8. Be3 Ng4 9. Bd2 Qe8 10. d5 Bd8 11. h3 Ngf6 12. Be3 Qe7 13. Qd2 Bb6 14.
Bxb6 Nxb6 15. Rfd1 c5 16. a3 a6 17. b4 Nbd7 18. Ne1 Ne8 19. Nd3 b6 20. a4 a5 21.
bxc5 dxc5 22. f4 Nd6 23. Nb5 Nxe4 24. Qe3 exf4 25. Qxf4 Ndf6 26. Bf3 g5 27. Qc7 Qxc7 28. Nxc7 Ra7 29. Nb5 Re7 30. d6 Re6 31. Re1 Rd8 32.
Rad1 Nxd6 33. Rxe6 Bxe6 34. Nxc5 bxc5 35. Rxd6 Rxd6 36.
Nxd6 Nd7 37. Be2 Nb6 38. Nb7 Nxa4 39. Nxa5 Nb6 40. Kf2 f5 41. Ke3 Kg7 42. g3 Kf6 43.
Nb7 Bxc4 44. Nxc5 Bxe2 45. Kxe2 Nd5 46. Kf3 Ke5 47. Nd3+ Kf6 48. Nc5 Nc3 49. Nd7+ Ke6 50. Nf8+ Kf7 51. Nxh7 Kg6 52. Nf8+ Kf6 53. Nh7+ Kg6 54.
Nf8+ Kf7 55. Nh7 Kg6 1/2-1/2

[Event "Early-Titled-Tuesday-Blitz-February-27-2024"]
[Site "Chess.com"]
[Date "2024.02.27"]
[Round "10"]
[White "ViktoriyaTarasova"]
[Black "m_ezat"]
[Result "0-1"]
[WhiteElo "2314"]
[BlackElo "2492"]
[TimeControl "180+1"]
[EndTime "9:55:51 PST"]
[Termination "m_ezat won on time"]

1. d4 Nf6 2. c4 g6 3. Nc3 Bg7 4.
e4 O-O 5. h3 d6 6. Be3 Nc6 7. d5 Ne5 8. Be2 c5 9. f4 Ned7 10. Nf3 a6 11. a4 Qc7 12. O-O Re8 13. Qc2 e6 14. Bf2 exd5 15. exd5 Nf8 16. Bd3 Nh5 17. Qd2 f5 18. Rfe1 Bd7 19. g3 h6 20. b3 Qb6 21. Qc2 Qb4 22. Na2 Qa5 23.
Rxe8 Bxe8 24. Re1 b5 25. axb5 axb5 26. Nc1 bxc4 27. Bxc4 Bb5 28. Nd3 Nf6 29. Kg2 Ne4 30.
Bxb5 Qxb5 31. Re2 Rb8 32. Nc1 Nd7 33. Nd2 Ndf6 34. Nc4 Qb7 35. g4 Qxd5 36. Kh2 fxg4 37. h4 Nxf2 38. Rxf2 g3+ 39. Kxg3 Ne4+ 40. Kh2 Nxf2 41.
Qxf2 Rf8 42. Qg3 Kh7 43. Ne2 Qe4 44. Qf2 d5 45. Nd6 Qe6 46. Nb5 d4 47. Ng3 Qg4 48. h5 gxh5 49. f5 h4 50. Nf1 Be5+ 51. Kh1 Rxf5 0-1

[Event "Early-Titled-Tuesday-Blitz-February-27-2024"]
[Site "Chess.com"]
[Date "2024.02.27"]
[Round "10"]
[White "ScofieldMichael01"]
[Black "kuba2006"]
[Result "1-0"]
[WhiteElo "2604"]
[BlackElo "2493"]
[TimeControl "180+1"]
[EndTime "9:55:52 PST"]
[Termination "ScofieldMichael01 won by resignation"]

1. e4 Nf6 2. e5 Nd5 3. c4 Nb6 4. d4 d6 5. exd6 exd6 6. Nc3 Be7 7. h3 O-O 8. Nf3 Bf6 9. Be2 Nc6 10. O-O Bf5 11. Be3 d5 12. b3 dxc4 13. bxc4 Na5 14. c5 Nd5 15. Nxd5 Qxd5 16. Qa4 b6 17. Rac1 h6 18.
Nd2 Rad8 19. Nf3 Rfe8 20. Rfd1 Re7 21. Ne5 Rde8 22. Bf3 Be4 23. cxb6 cxb6 24. Bxe4 Qxe4 25. Nd7 Bg5 26. Re1 Qd5 27. Ne5 Bxe3 28. fxe3 f6 29. Nf3 Rxe3 30. Qxe8+ Rxe8 31. Rxe8+ Kh7 32. Rcc8 Nc4 33.
Re7 Nd6 34. Rd8 Qc6 35. Kh2 Nf5 36. Rxa7 Qe4 37. Rdd7 Qf4+ 38. Kg1 Qe3+ 39. Kh2 Kg6 40. d5 Qf4+ 41. Kg1 h5 42. d6 Nxd6 43. Ra3 Kf5 44. Rc7 Qd2 45. Nxd2 Ne4 46. Rcc3 Nxc3 47. Rxc3 Ke5 48.
Rb3 1-0

[Event "Early-Titled-Tuesday-Blitz-February-27-2024"]
[Site "Chess.com"]
[Date "2024.02.27"]
[Round "10"]
[White "Kimkibo"]
[Black "Practical-Play"]
[Result "1-0"]
[WhiteElo "2240"]
[BlackElo "2568"]
[TimeControl "180+1"]
[EndTime "9:55:52 PST"]
[Termination "Kimkibo won by resignation"]

1. d4 d5 2. c4 Nf6 3. Nc3 dxc4 4. Nf3 Bf5 5. e3 e6 6. Bxc4 Nbd7 7. Bd3 Bxd3 8. Qxd3 Bd6 9. Nb5 O-O 10. O-O Qe7 11.
Nxd6 cxd6 12. b4 e5 13. Nh4 g6 14. Bb2 Nd5 15. dxe5 Nxb4 16. Qxd6 Rfe8 17. Rfd1 Nxe5 18. Bxe5 Qxh4 19. Rd4 Qe7 20. Rxb4 Qxe5 21. Qxe5 Rxe5 22. Rxb7 Ra5 23. Rc1 Rxa2 24. h4 a5 25. h5 gxh5 26.
Rcc7 Rf8 27. Ra7 a4 28. Rc4 a3 29. Rca4 Ra1+ 30. Kh2 Rf1 31. Kg3 a2 32. Rxa2 h4+ 33.
Kxh4 Rg1 34. Kg3 Kh8 35. Kh2 Rf1 36. Rd2 Kg8 37. g4 Kg7 38. Kg2 Rc1 39. Rdd7 Kg6 40. f4 h5 41. Ra6+ f6 42. g5 Kf5 43. gxf6 Ke4 44. Re7+ Kf5 45. Re5+ Kg6 46. Rg5+ Kf7 47. Rg7+ Ke8 48. Ra8+ 1-0

[Event "Early-Titled-Tuesday-Blitz-February-27-2024"]
[Site "Chess.com"]
[Date "2024.02.27"]
[Round "10"]
[White "Manukyan_Artak"]
[Black "ketster"]
[Result "1/2-1/2"]
[WhiteElo "2489"]
[BlackElo "2588"]
[TimeControl "180+1"]
[EndTime "9:55:52 PST"]
[Termination "Game drawn by repetition"]

1. e4 c5 2. Nf3 Nf6 3. Nc3 d5 4. exd5 Nxd5 5. Bb5+ Bd7 6. Ne5 Bxb5 7. Nxb5 e6 8. Qf3 Qf6 9. Qxf6 gxf6 10. Nc4 Kd7 11.
d3 a6 12. Nc3 Kc6 13. a4 Nb4 14. Kd1 Nd7 15. a5 h5 16. Ne4 Rg8 17. g3 f5 18.
Ng5 Rg7 19. h4 Be7 20. Nh3 Bf6 21. Bg5 Kc7 22. Bxf6 Nxf6 23. Kd2 Rd8 24. Nf4 Nbd5 25. Nxd5+ exd5 26. Ne5 Kd6 27. Rae1 Re8 28. Nf3 Rxe1 29. Rxe1 Ng4 30. Re2 f6 31. Ne1 f4 32. gxf4 Nh2 33.
f3 Nf1+ 34. Kd1 Ng3 35. Rg2 Nf5 36. Rxg7 Nxg7 37. Ng2 Nf5 38. Ke2 d4 39. c3 Kd5 40.
c4+ Kc6 41. Kd2 b5 42. axb6 Kxb6 43. Kc2 Ka5 44. Kb3 Kb6 45. Ka4 Kb7 46. b4 Kb6 47. bxc5+ Kxc5 48. Ka5 Ne3 49. Ne1 Nf5 50. Ng2 Ne3 51.
Ne1 Nf5 52. Ng2 1/2-1/2

[Event "Early-Titled-Tuesday-Blitz-February-27-2024"]
[Site "Chess.com"]
[Date "2024.02.27"]
[Round "10"]
[White "GMSrinath"]
[Black "jcibarra"]
[Result "0-1"]
[WhiteElo "2804"]
[BlackElo "2945"]
[TimeControl "180+1"]
[EndTime "9:55:53 PST"]
[Termination "jcibarra won by resignation"]

1. Nf3 d6 2. d4 Nf6 3. c4 g6 4.
g3 Bf5 5. Qb3 b6 6. Bg2 Nc6 7.
O-O Bg7 8. d5 Na5 9. Qd1 O-O 10.
Nbd2 c5 11. dxc6 Nxc6 12. Nb3 Rc8 13. Nbd4 Be4 14. Nxc6 Rxc6 15. b3 d5 16. Ba3 dxc4 17.
Qxd8 Rxd8 18. Ne5 Re6 19. Nxc4 Bxg2 20. Kxg2 Rxe2 21. Rfe1 Rxe1 22. Rxe1 e6 23. Re2 Nd5 24. Bb2 b5 25. Ne5 Rc8 26. h4 h5 27. Nf3 Bxb2 28. Rxb2 Rc1 29. a4 b4 30. Ne5 Rc3 31. a5 Kg7 32. Nc4 Kf6 33. Kf1 Nc7 34. Nd6 Rd3 35. Ne4+ Ke5 36. Nc5 Rc3 37. Na4 Rc6 38. Rd2 Nd5 39.
Nb2 Rc3 40. Nc4+ Kf6 41. Rb2 Ke7 42. Ke2 f6 43. Kd2 e5 44. Rb1 Ke6 45. Rb2 e4 46.
a6 f5 47. Rb1 Nc7 48. Ne3 Nxa6 49. Ra1 Nc5 50. Rxa7 Nxb3+ 51. Ke2 Nd4+ 52. Kd2 Rd3+ 53.
Kc1 Ne2+ 54. Kc2 Nxg3 55. Ra6+ Kf7 56. Nc4 Rc3+ 57. Kd2 Rxc4 58. fxg3 Rc3 59. Rb6 Rxg3 60. Rxb4 Rg4 0-1

[Event "Early-Titled-Tuesday-Blitz-February-27-2024"]
[Site "Chess.com"]
[Date "2024.02.27"]
[Round "10"]
[White "FairChess_on_YouTube"]
[Black "Njal28"]
[Result "0-1"]
[WhiteElo "3097"]
[BlackElo "3019"]
[TimeControl "180+1"]
[EndTime "9:55:54 PST"]
[Termination "Njal28 won on time"]

1. d4 Nf6 2. c4 e6 3. Nf3 d5 4.
g3 Be7 5. Bg2 O-O 6. O-O dxc4 7.
Qa4 a6 8. Qxc4 b5 9. Qc2 Bb7 10.
Bd2 Be4 11. Qc1 c6 12. Rd1 Nbd7 13. Bf4 Nd5 14. Nc3 Nxc3 15. Qxc3 Rc8 16. Ne5 Bxg2 17. Kxg2 Nf6 18. Qf3 Nd5 19. Rac1 c5 20. dxc5 Rxc5 21. Rxc5 Bxc5 22. e4 Nxf4+ 23. gxf4 Qf6 24. Rd7 g5 25. Rb7 gxf4 26. Qg4+ Kh8 27. Qh5 Be7 28. Kf3 Kg8 29. Nd7 Qd4 30. Nxf8 Qd1+ 31. Kxf4 Qxh5 32. Nd7 Bd6+ 33.
e5 Qf5+ 34. Ke3 Bxe5 35. f3 Bf4+ 36. Kd4 Kg7 37. Nb6 Qe5+ 38. Kd3 Qe3+ 39. Kc2 Qd2+ 40. Kb3 Qd3+ 41. Kb4 Bd2+ 42. Kc5 Be3+ 43. Kc6 Bxb6 44.
Kxb6 Qxf3 45. Kxa6 e5 46. Rxb5 e4 47. Rg5+ Kf6 48.
Rg3 Qf1+ 49. Ka5 Qe1+ 50. b4 e3 51. Rf3+ Kg6 52. a4 e2 53. Rg3+ Qxg3 0-1

[Event "Early-Titled-Tuesday-Blitz-February-27-2024"]
[Site "Chess.com"]
[Date "2024.02.27"]
[Round "10"]
[White "Binary010"]
[Black "Iskusnyh"]
[Result "0-1"]
[WhiteElo "2833"]
[BlackElo "2697"]
[TimeControl "180+1"]
[EndTime "9:55:54 PST"]
[Termination "Iskusnyh won on time"]

1. d4 d5 2. c4 c6 3. Nf3 Nf6 4. Qc2 dxc4 5. e4 b5 6. b3 cxb3 7. axb3 e6 8. Bd3 a5 9. O-O Bb7 10. Nc3 Na6 11. Qe2 Nb4 12. Bb1 Be7 13. Bg5 h6 14.
Bh4 O-O 15. Rd1 Re8 16. h3 Nd7 17. Bxe7 Qxe7 18. e5 c5 19. Nxb5 Bxf3 20. Qxf3 cxd4 21. Qe4 d3 22. Nd6 Red8 23. Nb7 Nc5 24. Nxc5 Qxc5 25.
Bxd3 Nxd3 26. Rxd3 Rxd3 27. Qxa8+ Qf8 28. Qxa5 Rxb3 29.
Rd1 Rb8 30. h4 h5 31. g3 g6 32. Rd7 Qc8 33. Qd2 Rb1+ 34. Kh2 Qc6 35. f3 Qxf3 36. Qg2 Qxg2+ 37. Kxg2 Re1 38. Kf3 Rxe5 39. Ra7 Kg7 40. Rb7 Rd5 41. Ra7 Rd3+ 42. Kf2 Rb3 43. Rc7 e5 44.
Ra7 Kf6 45. Ra6+ Kf5 46. Ra7 f6 47. Rg7 Rb2+ 48. Kf3 Rb3+ 49. Kf2 Ra3 50. Rg8 Ra7 51. Ke3 Ra3+ 52. Kf2 e4 53. Re8 Rf3+ 54. Kg2 Rb3 55. Kf2 Rb5 56. Rg8 Ra5 0-1

[Event "Early-Titled-Tuesday-Blitz-February-27-2024"]
[Site "Chess.com"]
[Date "2024.02.27"]
[Round "10"]
[White "MatthewG-p4p"]
[Black "KuzubovYuriy"]
[Result "1-0"]
[WhiteElo "2911"]
[BlackElo "2945"]
[TimeControl "180+1"]
[EndTime "9:55:55 PST"]
[Termination "MatthewG-p4p won by resignation"]

1. e4 e5 2. Nf3 Nf6 3. d4 Nxe4 4. Bd3 d5 5. Nxe5 Nd7 6. Nxd7 Bxd7 7. O-O Bd6 8. Nc3 Nxc3 9. bxc3 O-O 10. Qh5 f5 11. Re1 c6 12. Qf3 Qc7 13. h4 Rae8 14. Rxe8 Rxe8 15.
Be3 b5 16. a4 a6 17. axb5 axb5 18. h5 f4 19. Bd2 Rf8 20. Re1 Qc8 21. Qd1 f3 22.
gxf3 Qd8 23. f4 Qh4 24. Qf3 Bg4 25. Qg3 Qxh5 26. Bf1 Bf5 27. Bg2 Rf6 28. Qg5 Qxg5 29. fxg5 Rf8 30. Ra1 Rc8 31. Ra6 Be7 32. Ra7 Kf8 33.
Bf3 g6 34. Bd1 Ke8 35. Kg2 Bd7 36. Kg3 Bd8 37. Bg4 Rc7 38. Ra8 Bxg4 39. Kxg4 Rf7 40.
f3 Kd7 41. Bf4 Re7 42. Be5 Bb6 43. f4 c5 44. Ra6 Re6 45. Ra8 cxd4 46. cxd4 Rc6 47.
Rh8 Rxc2 48. Rxh7+ Ke6 49. Rg7 Ba5 50. Rxg6+ Kf7 51.
Rd6 b4 52. Rxd5 Ra2 53. Rb5 Rg2+ 54. Kf5 Rf2 55. Rxa5 b3 56. Rb5 1-0

[Event "Early-Titled-Tuesday-Blitz-February-27-2024"]
[Site "Chess.com"]
[Date "2024.02.27"]
[Round "10"]
[White "Dewarfd"]
[Black "tarno17"]
[Result "0-1"]
[WhiteElo "2141"]
[BlackElo "2150"]
[TimeControl "180+1"]
[EndTime "9:55:55 PST"]
[Termination "tarno17 won on time"]

1. d4 d5 2. e3 e6 3. Nf3 Nf6 4. Bd3 Be7 5. O-O O-O 6. b3 b6 7. Bb2 Bb7 8. Nbd2 Nbd7 9. Ne5 Ne4 10. f4 f5 11. Rf3 Rf6 12. Rh3 Nxd2 13. Qxd2 Nxe5 14. fxe5 Rg6 15. Rf1 Bh4 16. Qe2 Bg5 17.
Bc3 Bh6 18. Be1 Rg4 19. c3 Qg5 20. Rff3 Rf8 21. Rfg3 c5 22. Rxg4 Qxg4 23. Qxg4 fxg4 24. Rg3 Bg5 25. Bd2 h5 26. Bg6 Bh4 27. Bxh5 Bxg3 28. hxg3 cxd4 29. cxd4 Rc8 30. Bxg4 Kf7 31. Bh5+ g6 32. Bd1 Ba6 33. Kf2 Bd3 34. Ke1 Bc2 35. Ke2 a5 36. Ke1 Bxd1 37. Kxd1 g5 38. Be1 Kg6 39. g4 Rh8 40. b4 a4 41. b5 Rh2 42. Bb4 Kf7 43. Bd6 Rxg2 44. Bc7 Rxa2 45. Kc1 Rg2 46. Bxb6 a3 0-1

[Event "Early-Titled-Tuesday-Blitz-February-27-2024"]
[Site "Chess.com"]
[Date "2024.02.27"]
[Round "10"]
[White "GoValya"]
[Black "Defenstrator"]
[Result "0-1"]
[WhiteElo "2273"]
[BlackElo "2398"]
[TimeControl "180+1"]
[EndTime "9:55:58 PST"]
[Termination "Defenstrator won by resignation"]

1. d4 Nf6 2. Nf3 c6 3. c4 d5 4.
Nc3 e6 5. g3 dxc4 6. Bg2 Nd5 7.
O-O b5 8. Ne5 Bd6 9. a4 Bxe5 10.
Nxd5 cxd5 11. dxe5 b4 12. f4 Nd7 13. Be3 O-O 14. Bd4 a5 15. f5 Qg5 16. e3 exf5 17. Bxd5 Ra6 18. Bxc4 Rh6 19. Qf3 Nb6 20. Bb3 Be6 21.
Bxe6 Rxe6 22. Bxb6 Rxb6 23. Qxf5 Qxe3+ 24. Rf2 Re6 25. Rf1 Qxe5 26. Qd3 Rd6 27. Qf3 Rf6 28. Qd3 Rxf2 29.
Rxf2 Re8 30. Qc4 Qe1+ 31. Kg2 Qe4+ 32. Qxe4 Rxe4 33. Rc2 g6 34. Kf3 Re5 35. Kf4 Rf5+ 36. Ke4 Kg7 37. g4 Rg5 38. h3 h5 39. gxh5 Rxh5 40.
Rh2 Kf6 41. Kf4 Ke6 42. Kg4 Kd5 43. Rc2 Re5 44. b3 Re3 45. Rf2 f5+ 46. Kg5 Rxb3 47. Kxg6 Rxh3 48. Rxf5+ Kc4 49. Rxa5 b3 50. Rb5 Rh2 51. Rb8 Ra2 52. a5 Rxa5 53. Rc8+ Kb4 54.
Rb8+ Rb5 55. Rd8 b2 56. Rd1 Kb3 57. Kf6 Kc2 0-1

[Event "Early-Titled-Tuesday-Blitz-February-27-2024"]
[Site "Chess.com"]
[Date "2024.02.27"]
[Round "10"]
[White "ActorXu"]
[Black "Kildepiotr"]
[Result "1-0"]
[WhiteElo "2841"]
[BlackElo "2681"]
[TimeControl "180+1"]
[EndTime "9:55:59 PST"]
[Termination "ActorXu won by resignation"]

1. e4 g6 2. d4 Bg7 3. Nc3 c6 4. f4 d5 5. e5 Nh6 6. h3 Nf5 7. Nf3 Ng3 8. Rg1 h5 9. Bd3 h4 10. Be3 Bf5 11. Ne2 Nxe2 12. Qxe2 Bxd3 13. Qxd3 e6 14.
O-O-O Bf8 15. g4 hxg3 16. Rxg3 Be7 17. Ng5 Bxg5 18. fxg5 Nd7 19. Rf1 Qe7 20. Rgf3 Rh7 21. Rf4 O-O-O 22. h4 Rdh8 23. Bf2 Nb6 24. b3 Qa3+ 25.
Kb1 a5 26. Be1 Rf8 27. Qc3 Nd7 28. Qxa5 Qxa5 29. Bxa5 c5 30. Bc3 b6 31. Bb2 Kd8 32.
c4 dxc4 33. bxc4 cxd4 34. Ba3 Nc5 35. Rxd4+ Kc7 36. Rdf4 Kc6 37. Kc2 Ra8 38. R1f3 Ra4 39. Rd4 Nb7 40. Kb3 Ra8 41. Bb4 Rd8 42. Rxd8 Nxd8 43. Rf4 Nb7 44. Be7 Kd7 45. Bf6 Nc5+ 46. Kc3 Kc6 47. Rd4 Nd7 48. a4 Nc5 49. Kb4 Na6+ 50.
Kc3 Nc5 51. Kb4 Na6+ 52. Ka3 Nc5 53. Rf4 Nd3 54. Rg4 Nc5 55. Rd4 Nb7 56. Kb4 Nc5 57. Rd6+ Kc7 58. a5 Nd7 59. axb6+ Kc8 60. b7+ Kc7 61. Rxd7+ 1-0

[Event "Early-Titled-Tuesday-Blitz-February-27-2024"]
[Site "Chess.com"]
[Date "2024.02.27"]
[Round "10"]
[White "Heinza9"]
[Black "Ati1517"]
[Result "0-1"]
[WhiteElo "2322"]
[BlackElo "2238"]
[TimeControl "180+1"]
[EndTime "9:55:59 PST"]
[Termination "Ati1517 won on time"]

1. e4 c5 2. Nf3 d6 3. Bb5+ Bd7 4.
Bxd7+ Qxd7 5. O-O Nc6 6. c3 Nf6 7. Re1 e5 8. d4 cxd4 9. cxd4 Be7 10. Bg5 exd4 11. Nxd4 Nxd4 12. Qxd4 O-O 13. e5 Qe6 14. Nc3 dxe5 15. Rxe5 Qd6 16. Qxd6 Bxd6 17. Bxf6 gxf6 18. Rd5 Be5 19. Na4 Rad8 20. Rad1 Rxd5 21. Rxd5 Rc8 22. g3 a6 23. Rd2 b5 24. Nb6 Rc6 25. Nd7 b4 26. f4 Bc7 27. Kg2 a5 28. b3 Kg7 29.
Kf3 f5 30. Ke3 Rc3+ 31. Kd4 Rc6 32. Ke3 Re6+ 33. Kf3 Rc6 34. Ne5 Rc3+ 35. Ke2 Bxe5 36.
fxe5 Rc5 37. Kf3 Rxe5 38. Kf4 Kf6 39. Rc2 Re4+ 40. Kf3 Re6 41. Rc5 Re5 42. Rc6+ Ke7 43. Ra6 Rc5 44. h4 h5 45. Kf4 f6 46. Ra7+ Kf8 47. Ra6 Kf7 48. Ra7+ Kg6 49. Ra6 Re5 50. Ra8 Re4+ 51. Kf3 Re1 52. Rxa5 Rf1+ 53. Kg2 Rc1 54. Ra4 Rc2+ 55. Kf3 Rc3+ 56. Kf4 Rc2 57. Rxb4 Rxa2 58.
Rb8 Rf2+ 59. Ke3 Rg2 60. Kf3 Rb2 61. b4 Rb3+ 62. Kf4 Rb2 63. Rg8+ Kf7 64. Kxf5 Kxg8 65. Kxf6 Rxb4 66. Kg5 Rb5+ 67. Kf4 Kf7 68. g4 Rb4+ 69. Kg5 hxg4 0-1

[Event "Early-Titled-Tuesday-Blitz-February-27-2024"]
[Site "Chess.com"]
[Date "2024.02.27"]
[Round "10"]
[White "Evgeny81"]
[Black "dretch"]
[Result "1-0"]
[WhiteElo "2787"]
[BlackElo "2876"]
[TimeControl "180+1"]
[EndTime "9:56:00 PST"]
[Termination "Evgeny81 won on time"]

1. e4 e6 2. d4 d5 3. Nd2 c5 4.
exd5 Qxd5 5. Ngf3 cxd4 6. Bc4 Qh5 7. O-O Nc6 8. Nb3 Nf6 9. Nfxd4 Qxd1 10. Rxd1 Nxd4 11.
Nxd4 a6 12. Be2 Bc5 13. Nb3 Bb6 14. Bf3 O-O 15. Bf4 Re8 16. Be5 Nd7 17. Bd6 e5 18. c4 e4 19. Be2 Nf6 20. c5 Bd8 21. Nd4 Bg4 22. b4 h5 23. a4 e3 24. f3 Bc8 25. Bc4 h4 26. Re1 Nh5 27. Ra3 Bg5 28. g3 Bh3 29. Bd5 Rad8 30. Bxb7 hxg3 31. hxg3 Nxg3 32. Bc6 Nf5 33. Nxf5 Bxf5 34. Bxe8 Rxe8 35. f4 Bf6 36. Be5 Bxe5 37. fxe5 a5 38. bxa5 Ra8 39. Rexe3 Rxa5 40. c6 Kf8 41. c7 Ke7 42. Rec3 Bc8 43. Kf2 Kd7 44. Ra1 Rd5 45. a5 Ba6 46. Rb1 Rxa5 47.
Rb8 Bc8 48. Rb4 Rxe5 49. Rd4+ Ke7 50. Rd8 Rf5+ 51. Rf3 Rb5 52. Rxc8 Rc5 53. Kg3 g6 54. Re3+ Kd7 55. Rf8 Kxc7 56. Rxf7+ 1-0

[Event "Early-Titled-Tuesday-Blitz-February-27-2024"]
[Site "Chess.com"]
[Date "2024.02.27"]
[Round "10"]
[White "scarabee43"]
[Black "Shield12"]
[Result "1/2-1/2"]
[WhiteElo "2893"]
[BlackElo "2978"]
[TimeControl "180+1"]
[EndTime "9:56:01 PST"]
[Termination "Game drawn by repetition"]

1. d4 Nf6 2. c4 e6 3. Nf3 d5 4. Nc3 Bb4 5. cxd5 exd5 6. Bf4 Ne4 7. Rc1 Nd7 8. e3 g5 9. Bg3 h5 10. h4 g4 11. Ng1 Nxg3 12. fxg3 Qe7 13. Qd2 Nf6 14. Bd3 c5 15. a3 Bxc3 16. bxc3 c4 17. Bc2 Ne4 18. Bxe4 Qxe4 19. Qf2 Bf5 20. Ne2 O-O-O 21.
O-O Bg6 22. Nf4 Rhe8 23. Rce1 Qe7 24. a4 Rd6 25. e4 dxe4 26. Re3 Qd7 27. Qa2 Kb8 28.
Qxc4 Rc8 29. Qa2 f5 30. Nxg6 Rxg6 31. Qf2 Rf6 32. Rxe4 fxe4 33. Qxf6 Re8 34. Qf4+ Kc8 35. Re1 Qxa4 36. Rxe4 Qa1+ 37. Kh2 Rxe4 38. Qxe4 Qxc3 39. Qf5+ Kc7 40. d5 Qd4 41. Qxh5 a5 42. Qf7+ Kb6 43.
Qe6+ Kc5 44. Qc8+ Kxd5 45. Qxb7+ Kc4 46. Qb1 a4 47. Qc2+ Kb4 48. Qb1+ Ka3 49. Qc1+ Kb3 50. Qb1+ Kc4 51. Qa2+ Kb4 52. Qb1+ Ka5 53. Qf5+ Kb4 54.
Qb1+ 1/2-1/2

[Event "Early-Titled-Tuesday-Blitz-February-27-2024"]
[Site "Chess.com"]
[Date "2024.02.27"]
[Round "10"]
[White "Alexchess1984"]
[Black "Doublekk14"]
[Result "0-1"]
[WhiteElo "2700"]
[BlackElo "2339"]
[TimeControl "180+1"]
[EndTime "9:56:01 PST"]
[Termination "Doublekk14 won on time"]

1. e4 c5 2. c3 d5 3. exd5 Qxd5 4. d4 e6 5. Nf3 Nf6 6. Be2 cxd4 7. cxd4 Nc6 8. Nc3 Qd8 9. O-O a6 10. a3 Bd6 11.
Be3 O-O 12. h3 b5 13. Bd3 Bb7 14. Qe2 Ne7 15. Ne5 Ng6 16. Rad1 Qc7 17. f4 Ne7 18. Bf2 Ned5 19. Nxd5 Bxd5 20. Kh1 Qb7 21. Rg1 Rad8 22.
Bh4 Be7 23. Bb1 g6 24. Bg5 Kg7 25. Ng4 Nxg4 26. Qxg4 f6 27. Bh4 f5 28. Qg3 Bxh4 29. Qxh4 Rfe8 30. Kh2 Be4 31. Qf2 Bxb1 32. Rxb1 Qe4 33. Rbd1 Qd5 34. Rge1 Rd6 35. Re5 Qc4 36. Rd2 Red8 37. Rc5 Qxc5 38. dxc5 Rxd2 39. Qh4 R8d7 40. b4 Rb2 41. c6 Rdd2 42. Qe7+ Kh6 43. Qg5+ Kg7 44. c7 Rbc2 45. Qe7+ Kh6 46. Qd8 Rxg2+ 47. Kh1 Rh2+ 48. Kg1 Rhg2+ 49. Kf1 Rgf2+ 50. Ke1 Rh2 51.
Kd1 Ra2 52. Qh4+ Kg7 53. c8=Q Ra1+ 0-1

[Event "Early-Titled-Tuesday-Blitz-February-27-2024"]
[Site "Chess.com"]
[Date "2024.02.27"]
[Round "10"]
[White "arnash_bauyrzhan"]
[Black "picturesquecheck"]
[Result "1-0"]
[WhiteElo "2302"]
[BlackElo "2439"]
[TimeControl "180+1"]
[EndTime "9:56:02 PST"]
[Termination "arnash_bauyrzhan won by resignation"]

1. e4 c5 2. Nf3 d6 3. Bb5+ Nd7 4. d4 cxd4 5. Qxd4 e5 6. Qd3 a6 7. Bxd7+ Bxd7 8. O-O Nf6 9. Bg5 h6 10. Bxf6 Qxf6 11.
c4 Bc6 12. Nc3 Qe6 13. Nd5 Rc8 14. Rac1 Be7 15. Nxe7 Kxe7 16. Rfd1 Rhd8 17. Nh4 g6 18. Qe3 Qf6 19. g3 Qg5 20. Qd3 Qg4 21. f3 Qe6 22.
Ng2 b5 23. b3 bxc4 24. bxc4 Ba4 25. Rd2 Rc5 26. Ne3 Kf8 27. Qa3 Qe8 28. Rxd6 Rxd6 29.
Qxc5 Qc6 30. Qxe5 Kg8 31. Nd5 Qc5+ 32. Kg2 Qa3 33. Nf6+ Kf8 34. Rc3 Qxa2+ 35. Kh3 Bd7+ 36. g4 Rd2 37. Nd5 Rxh2+ 38. Qxh2 Qa1 39. Qd6+ Kg7 40.
Qxd7 Qh1+ 41. Kg3 Qg1+ 42. Kf4 Qh2+ 43. Ke3 Qg1+ 44. Kd3 Qd1+ 45. Ke3 Qg1+ 46. Ke2 Qg2+ 47. Kd3 Qf1+ 48. Kd4 Qf2+ 49. Re3 Qd2+ 50. Kc5 Qa5+ 51. Kd6 Qa3+ 52. Rxa3 1-0

[Event "Early-Titled-Tuesday-Blitz-February-27-2024"]
[Site "Chess.com"]
[Date "2024.02.27"]
[Round "10"]
[White "jefferyx"]
[Black "PLAYER_2006_M"]
[Result "1-0"]
[WhiteElo "3072"]
[BlackElo "3022"]
[TimeControl "180+1"]
[EndTime "9:56:03 PST"]
[Termination "jefferyx won by resignation"]

1. Nf3 Nf6 2. c4 e6 3. Nc3 d5 4.
d4 Bb4 5. Qa4+ Nc6 6. Bd2 dxc4 7. e3 O-O 8. Bxc4 Bd6 9. Qc2 e5 10. dxe5 Nxe5 11. Nxe5 Bxe5 12. f4 Bxc3 13. Bxc3 Ng4 14. Bd4 c5 15. Bxc5 Re8 16. O-O Nxe3 17. Bxe3 Rxe3 18.
Qf2 Re4 19. Rad1 Qf6 20. Bd5 Re7 21. Rfe1 Bg4 22. Rxe7 Qxe7 23. Re1 Qd7 24. Qc5 Rc8 25. Qe7 Qxe7 26. Rxe7 Be6 27. Bxe6 fxe6 28. Rxb7 Rc2 29. a4 a5 30. b3 Kf8 31. Rb5 Rb2 32. h4 Kf7 33. g4 Kf6 34. h5 h6 35. Kf1 Kf7 36.
Ke1 g6 37. Kd1 Rf2 38. hxg6+ Kxg6 39. Rxa5 Rxf4 40. Ra8 Kg7 41. a5 Rxg4 42. a6 h5 43. a7 Rg1+ 44. Ke2 Ra1 45. b4 h4 46. Kf3 e5 47. b5 e4+ 48. Kg4 e3 49. b6 Kf7 50. b7 e2 51. Rf8+ Kxf8 52. a8=Q+ Kf7 53. Qxa1 1-0

[Event "Early-Titled-Tuesday-Blitz-February-27-2024"]
[Site "Chess.com"]
[Date "2024.02.27"]
[Round "10"]
[White "orkinyo12345"]
[Black "Witik"]
[Result "1-0"]
[WhiteElo "2513"]
[BlackElo "2691"]
[TimeControl "180+1"]
[EndTime "9:56:07 PST"]
[Termination "orkinyo12345 won by resignation"]

1. c4 c6 2. Nc3 d5 3. d4 Nf6 4.
Nf3 e6 5. Bg5 h6 6. Bxf6 Qxf6 7.
e3 Nd7 8. Qc2 Qe7 9. O-O-O Qb4 10. a3 Qa5 11. e4 dxc4 12. Bxc4 b5 13. Bd3 b4 14. axb4 Bxb4 15. Nd2 Qa1+ 16. Ncb1 O-O 17. Nb3 Qa4 18. Nc3 Bxc3 19. Qxc3 Rb8 20. Bc2 Qb5 21.
Rd3 Ba6 22. Rg3 Rfc8 23. Rd1 Qb4 24. Qxb4 Rxb4 25. Rc3 Bc4 26. Nd2 Bb5 27. Nb3 Bc4 28.
Nc5 Nxc5 29. dxc5 e5 30. Rd6 Be6 31. Ra3 Rcb8 32. Rxc6 Rxb2 33. Rxa7 g5 34. Rca6 R2b4 35. Ra8 Kg7 36. Rxb8 Rxb8 37. Rb6 Rc8 38. c6 Kf6 39. Kb2 Ke7 40. Ba4 Kd6 41. Kc3 Rc7 42. Kb4 Ra7 43. Rb7 Rxb7+ 44. cxb7 Kc7 45. Bc6 Bg4 46. Kc5 f6 47.
Bd5 Bd7 48. Bc6 Be6 49. Bd5 Bd7 50. b8=Q+ Kxb8 51. Kd6 Bb5 52. Ke6 Kc7 53. Kxf6 Kd6 54. Kg6 Bf1 55. g3 Bc4 56. Bxc4 1-0

[Event "Early-Titled-Tuesday-Blitz-February-27-2024"]
[Site "Chess.com"]
[Date "2024.02.27"]
[Round "10"]
[White "Sanan_Sjugirov"]
[Black "Jospem"]
[Result "0-1"]
[WhiteElo "2979"]
[BlackElo "3079"]
[TimeControl "180+1"]
[EndTime "9:56:09 PST"]
[Termination "Jospem won on time"]

1. e4 c5 2. Nf3 d6 3. Bb5+ Nd7 4. O-O a6 5. Bd3 Ngf6 6. Re1 e6 7. Bf1 b6 8. c3 Bb7 9. d3 g6 10. Nbd2 Bg7 11.
d4 O-O 12. Bd3 Qc7 13. Nf1 b5 14. Ng3 Rac8 15. h3 Rfe8 16. Bg5 e5 17. d5 c4 18. Bc2 a5 19. Qd2 Rb8 20. a3 Bc8 21. Bh6 Nc5 22. Bxg7 Kxg7 23. Nh2 Qe7 24. Rf1 h5 25. Qe3 b4 26. axb4 axb4 27. cxb4 Rxb4 28. Ra2 h4 29. Ne2 Qb7 30. Rb1 Ncxe4 31. Nf3 c3 32. Nxc3 Nxc3 33. Qxc3 Nxd5 34. Qd2 Nf4 35. Ra3 d5 36.
Re1 d4 37. Be4 Qb6 38. Nxe5 Qf6 39. Rf3 Qxe5 40. Rxf4 Rb6 41. Rxh4 Kg8 42. Rd1 Rd6 43. Bc2 Qf6 44. Rf4 Qg7 45. Rxd4 Rb6 46. Rd8 Re6 47.
Rxe8+ Rxe8 48. Ba4 Rf8 49. Bb3 Qe5 50. Qc3 Qg5 51. Re1 Bf5 52. Qf3 Qd2 53. Qe2 Qb4 54.
Bc4 Rc8 55. b3 Bd7 56. Qf3 Qxe1+ 57. Kh2 Qe5+ 58. g3 Be6 0-1